AoeStats
← Doctor Alvarez

QS Arena

503521186Analyzed
3v3 RM · 1mo ago on Sep 1, 2026· 36m 52s· 6 players
Game mode
Random Map
Map size
Normal (6 player)
Population
200
Speed
Normal
Resources
Standard
Victory
Conquest
Starting age
Dark Age
Ending age
Imperial Age
RankedLock teamsTeams togetherTeam positionsShared explorationLock speedFull tech treeHidden civsTurbo modeCheats
Victory
Defeat
🇺🇸 Franks · United States
930
+15
🇨🇱 Dravidians · Chile
897
+16
🇦🇷 Romans · Argentina
877
+17
🇦🇷 Armenians · Argentina
958
-19
🇦🇷 Persians · Argentina
952
-18
🇦🇷 Khmer · Argentina
805
-12
Dank
0:32 Loom
8:36 Feudal Age
13:51 Castle Age
12:11 Double-Bit Axe
14:25 Wheelbarrow
15:17 Bow Saw
21:33 Fletching
22:45 Bodkin Arrow
24:46 Padded Archer Armor
24:20 Man-at-Arms
25:04 Long Swordsman
25:49 Horse Collar
29:02 Imperial Age
27:19 Scale Mail Armor
29:02 Hand Cart
29:45 Pikeman
30:35 Halberdier
33:50 Squires
34:07 Forging
34:12 Chain Mail Armor
35:36 Iron Casting
35:18 Leather Archer Armor
36:00 Legionary
jabbler
7:49 Feudal Age
8:33 Double-Bit Axe
9:45 Loom
14:47 Castle Age
13:16 Gold Mining
13:26 Stone Mining
16:25 Husbandry
16:40 Scale Barding Armor
21:06 Forging
21:49 Fervor
21:54 Fletching
23:53 Fortified Wall
25:40 Chain Barding Armor
28:14 Iron Casting
28:19 Ballistics
31:55 Imperial Age
30:11 Bodkin Arrow
30:36 Town Watch
32:07 Gold Shaft Mining
31:57 Cavalier
32:41 Chivalry
33:06 Conscription
33:31 Scale Mail Armor
35:20 Plate Barding Armor
Felipunk
1:14 Loom
7:43 Feudal Age
15:36 Castle Age
13:48 Man-at-Arms
14:38 Scale Mail Armor
17:21 Wheelbarrow
18:37 Pikeman
19:30 Long Swordsman
22:20 Double-Bit Axe
26:29 Elite Skirmisher
29:40 Hand Cart
34:38 Imperial Age
33:06 Fletching
37:26 Forging
37:05 Town Watch
Kiopd1878
8:39 Feudal Age
9:51 Horse Collar
10:03 Double-Bit Axe
13:35 Castle Age
16:19 Bow Saw
17:17 Wheelbarrow
18:49 Loom
20:48 Stone Mining
21:52 Murder Holes
23:36 Hand Cart
23:26 Fletching
27:54 Kamandaran
28:49 Crossbowman
29:34 Thumb Ring
29:28 Bodkin Arrow
29:33 Padded Archer Armor
33:48 Imperial Age
39:06 Imperial Age
Doctor Alvarez
3:04 Loom
7:21 Feudal Age
7:54 Double-Bit Axe
14:02 Castle Age
13:26 Stone Mining
13:32 Gold Mining
13:24 Horse Collar
15:50 Bloodlines
15:41 Husbandry
20:59 Bow Saw
26:50 Imperial Age
26:24 Fletching
28:12 Bodkin Arrow
28:24 Scale Barding Armor
29:28 Ballistics
30:36 Chain Barding Armor
32:46 Elite Skirmisher
33:41 Forging
35:50 Stone Shaft Mining
35:06 Pikeman
35:32 Arson
35:43 Halberdier
37:50 Wheelbarrow
FranksLup
2:12 Loom
7:26 Feudal Age
13:50 Castle Age
12:57 Forging
12:51 Double-Bit Axe
13:27 Scale Mail Armor
15:57 Fervor
21:00 Redemption
22:41 Sanctity
25:27 Chain Mail Armor
25:47 Iron Casting
28:41 Pikeman
30:57 Wheelbarrow
30:08 Town Watch
30:47 Bow Saw
34:47 Imperial Age
33:43 Arson
35:05 Halberdier
36:55 Ballistics
Connection lost

Rejoining the realm…

Still unreachable

The connection could not be restored.

Session expired

The server has moved on; the page needs a fresh start.